[Event "Early-Titled-Tuesday-Blitz-October-17-2023"]
[Site "Chess.com"]
[Date "2023.10.17"]
[Round "4"]
[White "LeRoidesChampions"]
[Black "HajiyevKanan"]
[Result "0-1"]
[WhiteElo "2684"]
[BlackElo "2544"]
[TimeControl "180+1"]
[EndTime "8:41:35 PDT"]
[Termination "HajiyevKanan won by checkmate"]

1. e4 c6 2. d4 d5 3. e5 a6 4. c3 Bf5 5. Bd3 Bxd3 6. Qxd3 e6 7. Nf3 c5 8. O-O Nc6 9. a3 Qb6 10. b4 cxd4 11. cxd4 Nge7 12. Nc3 Rd8 13. Be3 Nf5 14. Rfc1 Be7 15. Na4 Qa7 16. b5 axb5 17. Qxb5 O-O 18. Nc5 Bxc5 19. Rxc5 Ra8 20. a4 h6 21. a5 Qa6 22. g4 Nxe3 23. fxe3 Qxb5 24. Rxb5 Ra7 25. Nd2 Rfa8 26. Nb3 b6 27. Rxb6 Nxa5 28. Nc5 Nc4 29. Rxa7 Rxa7 30. Kf2 Nxb6 31. Kf3 Nc4 32. Kf4 Ra2 33.
h4 Rf2+ 34. Kg3 Re2 35. Kf3 Rxe3+ 36. Kf4 Re1 37. g5 hxg5+ 38. hxg5 g6 39. Nd7 Kg7 40. Nf6 Rf1+ 41. Kg4 Ne3+ 42. Kh3 Nf5 43. Kg2 Rd1 44. Ne8+ Kf8 45. Nf6 Rxd4 46. Nd7+ Ke7 47. Nf6 Rd3 48. Ng8+ Kf8 49. Nf6 Re3 50. Kh2 Rxe5 51. Nh7+ Ke7 52. Nf6 d4 53. Ng4 Re4 54. Nf6 Re3 55. Ng4 e5 56. Nf2 Re2 57. Kg1 Rxf2 58. Kh1 d3 59. Kg1 Re2 60. Kf1 e4 61. Kg1 d2 62. Kf1 d1=Q# 0-1

[Event "Early-Titled-Tuesday-Blitz-October-17-2023"]
[Site "Chess.com"]
[Date "2023.10.17"]
[Round "4"]
[White "Djager97"]
[Black "venturov"]
[Result "0-1"]
[WhiteElo "2618"]
[BlackElo "2457"]
[TimeControl "180+1"]
[EndTime "8:41:36 PDT"]
[Termination "venturov won on time"]

1. e4 c5 2. Nf3 e6 3. g3 Nc6 4. Bg2 Nf6 5. Nc3 d5 6. exd5 Nxd5 7. Nxd5 exd5 8. O-O Be7 9. d4 c4 10. b3 cxb3 11.
axb3 O-O 12. h3 a6 13. Bf4 Bf5 14. c3 Rc8 15. Qd2 Be4 16. Rfe1 Re8 17. Ne5 Bxg2 18. Kxg2 Nxe5 19. Rxe5 Bf6 20. Rxe8+ Qxe8 21. Re1 Qb5 22. b4 Re8 23. Be5 Bxe5 24. dxe5 Qc4 25. h4 h6 26. Qe3 Re6 27. Qf3 b6 28. h5 Rc6 29. Re3 a5 30.
bxa5 bxa5 31. Qf5 Re6 32. Qb1 a4 33. Qb8+ Kh7 34. Qa7 Kg8 35. Rf3 f6 36. Qb8+ Kf7 37. Qb7+ Re7 38. e6+ Kf8 39. Qb8+ Re8 40. Qb7 Re7 41.
Qb8+ Re8 42. Qb1 Rxe6 43. Qh7 Qe4 44. Qh8+ Kf7 45. Qa8 d4 0-1

[Event "Early-Titled-Tuesday-Blitz-October-17-2023"]
[Site "Chess.com"]
[Date "2023.10.17"]
[Round "4"]
[White "VincentKeymer"]
[Black "Nuvas"]
[Result "0-1"]
[WhiteElo "3080"]
[BlackElo "2832"]
[TimeControl "180+1"]
[EndTime "8:41:37 PDT"]
[Termination "Nuvas won by resignation"]

1. Nf3 d5 2. e3 Nf6 3. c4 e6 4. Nc3 c5 5. cxd5 exd5 6. d4 Nc6 7.
Bb5 Bd7 8. dxc5 Bxc5 9. O-O a6 10. Ba4 b5 11. Bb3 Be6 12. Ng5 O-O 13. Nxe6 fxe6 14.
Ne2 Rc8 15. Ng3 Na5 16. Bc2 Qc7 17. Bd3 Nc4 18. b3 Ne5 19. Be2 Bd6 20. Bb2 Ng6 21.
a4 Qb7 22. axb5 axb5 23. Qd3 b4 24. f4 Bc5 25. Kh1 Ra8 26. Rxa8 Qxa8 27. Nh5 Nxh5 28. Bxh5 Ne7 29. Bf3 Qa7 30. Bg4 Nf5 31. e4 Ne3 32.
Bxe6+ Kh8 33. Re1 Qa2 34. Re2 Qa7 35. f5 d4 36. h3 Qc7 37. Bxd4 Rd8 38. Qxe3 Bxd4 39.
Qg5 Bf6 40. Qd2 Rxd2 41. Rxd2 Qc1+ 0-1

[Event "Early-Titled-Tuesday-Blitz-October-17-2023"]
[Site "Chess.com"]
[Date "2023.10.17"]
[Round "4"]
[White "Yeremyan_ChessMate"]
[Black "Semetey"]
[Result "1-0"]
[WhiteElo "2726"]
[BlackElo "2536"]
[TimeControl "180+1"]
[EndTime "8:41:38 PDT"]
[Termination "Yeremyan_ChessMate won on time"]

1. e4 a6 2. a4 c5 3. a5 Nc6 4.
g3 Nxa5 5. Bg2 Nc6 6. Ne2 d6 7.
O-O g6 8. c3 Bg7 9. d4 cxd4 10.
cxd4 Bg4 11. f3 Bd7 12. Be3 Nf6 13. Nbc3 O-O 14. h3 Rc8 15. f4 Ne8 16. e5 dxe5 17.
dxe5 Nc7 18. Ne4 Ne6 19. N2c3 Na5 20. Nd5 Nc4 21. Bf2 Nxb2 22. Qb3 Bb5 23. Qxb2 Bxf1 24.
Rxf1 b5 25. Qa3 Re8 26. Qxa6 Nc7 27. Nxc7 Qxc7 28. Qxb5 Rb8 29. Qe2 f6 30. Be3 fxe5 31. f5 Rf8 32. Ng5 Qd7 33. Qa2+ Kh8 34. Nf7+ Rxf7 35.
Qxf7 Rf8 36. Qe6 Qd3 37. Bc5 gxf5 38. Bxe7 Re8 39. Qc6 Rg8 40. Qf3 Qd4+ 41. Kh2 Qd7 42. Bg5 Rf8 43. Rd1 Qf7 44. Be3 f4 45. gxf4 exf4 46.
Bf2 Be5 47. Rd5 Qf6 48. Qe4 f3+ 49. Qxe5 Qxe5+ 50. Rxe5 fxg2 51. Kxg2 Kg7 52. Rg5+ Kh6 53. Be3 1-0

[Event "Early-Titled-Tuesday-Blitz-October-17-2023"]
[Site "Chess.com"]
[Date "2023.10.17"]
[Round "4"]
[White "sterpfi"]
[Black "destruyeabuelitas"]
[Result "0-1"]
[WhiteElo "2161"]
[BlackElo "2358"]
[TimeControl "180+1"]
[EndTime "8:41:38 PDT"]
[Termination "destruyeabuelitas won on time"]

1. e4 e5 2. Nf3 Nc6 3. Nc3 Be7 4. d4 d6 5. Bb5 exd4 6. Nxd4 Bd7 7. Bxc6 bxc6 8.
Qf3 Bf6 9. Nf5 g6 10. Ng3 Qe7 11. O-O h5 12. Re1 Bg4 13. Qd3 h4 14. Nf1 h3 15.
g3 Bd7 16. Bf4 g5 17. Bd2 Nh6 18. Ne3 O-O 19. Nf5 Bxf5 20. exf5 Qd7 21. Ne4 Qxf5 22. Nxf6+ Qxf6 23. Bc3 Qf5 24. Qd4 f6 25. Qc4+ Qd5 26. Qxd5+ cxd5 27. Re7 Rf7 28. Rae1 Raf8 29. Ba5 c6 30.
Bc7 Nf5 31. Rxf7 Rxf7 32. Ba5 Nd4 33. Kf1 Rb7 34. Bc3 Nf3 35. Re6 d4 36. Be1 Kf7 37.
Rxd6 Rxb2 38. Rxc6 Rb1 39. Ke2 Nxe1 40. Rc7+ Kg6 41. Rxa7 Nxc2 42. a4 Ra1 43. a5 Nb4 44. f4 d3+ 45. Kd2 Ra2+ 46. Kc3 d2 47. Rd7 Na6 48.
Rxd2 Rxa5 0-1

[Event "Early-Titled-Tuesday-Blitz-October-17-2023"]
[Site "Chess.com"]
[Date "2023.10.17"]
[Round "4"]
[White "Khromkin"]
[Black "AsaHoffmann"]
[Result "1-0"]
[WhiteElo "2521"]
[BlackElo "2349"]
[TimeControl "180+1"]
[EndTime "8:41:39 PDT"]
[Termination "Khromkin won by resignation"]

1. d4 Nf6 2. c4 c5 3. Nf3 cxd4 4. Nxd4 e5 5. Nb5 d5 6. cxd5 Bb4+ 7. N5c3 O-O 8. a3 Ba5 9. g3 e4 10. Bg2 Re8 11. O-O Bf5 12. Nd2 Bxc3 13. bxc3 Nxd5 14.
Nc4 Nc6 15. Qb3 Rb8 16. Rd1 Nce7 17. Bf4 Rc8 18. Nd6 Rxc3 19. Qb2 Nxf4 20. Nxf5 Qb6 21. Nxe7+ Kf8 22. Qxb6 Nxe2+ 23. Kf1 axb6 24. Kxe2 Kxe7 25. Rdc1 Rxc1 26. Rxc1 f5 27. Rc7+ Kf6 28. Rxb7 Ra8 29. Rxb6+ Ke5 30. Rb3 g5 31. f3 exf3+ 32. Bxf3 Ra5 33. Kd2 f4 34. Kc2 Kf5 35. gxf4 Kxf4 36. Bc6 g4 37. a4 h5 38. Rb4+ Ke3 39. Rb5 Ra6 40. Rc5 h4 41. Kb3 g3 42. hxg3 hxg3 43.
a5 Kf2 44. Kb4 g2 45. Rf5+ Ke3 46. Bxg2 Kd4 47. Kb5 1-0

[Event "Early-Titled-Tuesday-Blitz-October-17-2023"]
[Site "Chess.com"]
[Date "2023.10.17"]
[Round "4"]
[White "DarZay"]
[Black "wanyaland"]
[Result "1-0"]
[WhiteElo "2230"]
[BlackElo "2407"]
[TimeControl "180+1"]
[EndTime "8:41:39 PDT"]
[Termination "DarZay won on time"]

1. e4 c5 2. Nf3 e6 3. d4 cxd4 4.
Nxd4 Nc6 5. Nc3 Qc7 6. Be3 a6 7.
Be2 Nf6 8. O-O b5 9. a3 Bb7 10. f4 d6 11. Bf3 Rc8 12. Qd2 Na5 13. e5 Nc4 14. Qe2 dxe5 15. Ndxb5 axb5 16. Nxb5 Qb8 17. Na7 Bxf3 18. Rxf3 Nxe3 19. Nxc8 exf4 20. Qa6 Bc5 21.
b4 Bd4 22. c3 Bxc3 23. Qc6+ Kd8 24. Qxc3 Qxc8 25. Qd4+ Ke7 26. Rxf4 Nc2 27. Qa7+ Nd7 28. Rc1 Qc3 29. Qf2 Rc8 30. Rxf7+ Ke8 31. Rf3 Qb2 32. Re1 e5 33. Rfe3 Rc6 34. Rxe5+ 1-0

[Event "Early-Titled-Tuesday-Blitz-October-17-2023"]
[Site "Chess.com"]
[Date "2023.10.17"]
[Round "4"]
[White "familijatop71"]
[Black "Niilo1"]
[Result "0-1"]
[WhiteElo "2118"]
[BlackElo "2303"]
[TimeControl "180+1"]
[EndTime "8:41:39 PDT"]
[Termination "Niilo1 won on time"]

1. e4 c5 2. c3 Nf6 3. e5 Nd5 4. Nf3 Nc6 5. d4 cxd4 6. Bc4 e6 7. cxd4 d6 8. O-O Nb6 9. Bd3 Be7 10. a3 dxe5 11. dxe5 Nd7 12. Qe2 Nc5 13. Bb5 Bd7 14. Rd1 Nb3 15. Ra2 Nxc1 16. Rxc1 O-O 17. Rd1 Qc7 18.
Nc3 Rfd8 19. Bd3 Be8 20. Raa1 g6 21. Rac1 Qa5 22. h4 Nd4 23. Nxd4 Rxd4 24. h5 Rad8 25. hxg6 hxg6 26. Bc2 Rxd1+ 27. Rxd1 Rxd1+ 28. Nxd1 Bf8 29. Nc3 Bg7 30. f4 Qb6+ 31. Kh2 Qxb2 32. Ne4 Ba4 33. Qd3 Qxc2 34. Qd8+ Bf8 35. Nf6+ Kg7 36. Kg3 Qd1 37.
Qc7 Qd3+ 38. Kh2 Qe3 39. g3 Qxa3 40. Qxb7 Qa2+ 41. Kh3 Qc2 42. Qf3 Qd1 0-1

[Event "Early-Titled-Tuesday-Blitz-October-17-2023"]
[Site "Chess.com"]
[Date "2023.10.17"]
[Round "4"]
[White "Akylbek2021"]
[Black "Maluco_do_Natal_00"]
[Result "0-1"]
[WhiteElo "2270"]
[BlackElo "1997"]
[TimeControl "180+1"]
[EndTime "8:41:39 PDT"]
[Termination "Maluco_do_Natal_00 won on time"]

1. e4 c5 2. Nf3 Nc6 3. d4 cxd4 4. Nxd4 Nf6 5. Nc3 e5 6. Ndb5 d6 7. Bg5 a6 8. Na3 b5 9. Nd5 Be7 10. Bxf6 Bxf6 11. c3 O-O 12. g3 Bg5 13. Bg2 Be6 14. O-O Ne7 15. Nc2 Nxd5 16. exd5 Bf5 17. Ne3 Bg6 18.
a4 bxa4 19. Rxa4 a5 20. h4 Bxe3 21. fxe3 h6 22. Qe2 Qb6 23. Kh2 Rab8 24. Rf2 Rb7 25. h5 Bh7 26. Bh3 f5 27. e4 Rbf7 28. Ra1 Kh8 29.
Raf1 Qc5 30. Bxf5 Bxf5 31. Rxf5 Rxf5 32. Rxf5 Rxf5 33. exf5 Qxd5 34. g4 e4 35. Kg3 Qe5+ 36. Kg2 d5 37. Qe3 Qb8 38. Qe2 Qb3 39. Kh3 a4 40.
Kg2 a3 41. bxa3 Qxa3 42. Qd2 Qc5 43. Kh3 Kh7 44. Kg2 Qc4 45. Qe1 Qd3 46. Kf2 Qf3+ 0-1

[Event "Early-Titled-Tuesday-Blitz-October-17-2023"]
[Site "Chess.com"]
[Date "2023.10.17"]
[Round "4"]
[White "Maxfan2008"]
[Black "Hambardzumyan_Yuri"]
[Result "1/2-1/2"]
[WhiteElo "2535"]
[BlackElo "2406"]
[TimeControl "180+1"]
[EndTime "8:41:41 PDT"]
[Termination "Game drawn by repetition"]

1. d4 Nf6 2. c4 e6 3. Nc3 Bb4 4. Nf3 d5 5. cxd5 exd5 6. Bg5 h6 7. Bh4 O-O 8. e3 c6 9. Bd3 Nbd7 10. O-O Re8 11.
Qc2 Nf8 12. h3 Be7 13. Ne5 N6d7 14. Bg3 Nxe5 15. dxe5 d4 16. exd4 Qxd4 17. Rad1 Qb6 18. Ne4 Be6 19. b3 Red8 20. Kh1 Nd7 21. f4 Nc5 22. f5 Nxe4 23. Bxe4 Rxd1 24. Qxd1 Qe3 25.
fxe6 Qxg3 26. exf7+ Kf8 27. Qh5 Rd8 28. Qf5 g6 29. Qe6 Qg5 30. Bxg6 Rd5 31. Bf5 Rd2 32. Be4 a5 33. Qc8+ Rd8 34. Qxb7 Qxe5 35. Qxc6 Bd6 36. Kg1 Bc5+ 37. Kh1 Bd6 38. Kg1 Bc5+ 39. Kh1 Bd6 1/2-1/2

[Event "Early-Titled-Tuesday-Blitz-October-17-2023"]
[Site "Chess.com"]
[Date "2023.10.17"]
[Round "4"]
[White "Ginzburg_Yakov"]
[Black "djokovic74"]
[Result "0-1"]
[WhiteElo "2548"]
[BlackElo "2739"]
[TimeControl "180+1"]
[EndTime "8:41:42 PDT"]
[Termination "djokovic74 won on time"]

1. d4 e6 2. e4 d5 3. e5 c5 4. Qg4 cxd4 5. Bd3 f6 6. Nf3 Nc6 7. Qh5+ Kd7 8. Bf4 Qe8 9. Qg4 g5 10. exf6 gxf4 11. Qxf4 Bd6 12. Qg5 Bf8 13. Bb5 Kc7 14.
Ne5 Nxf6 15. Qxf6 Bd6 16. Nf7 Rf8 17. Nxd6 Kxd6 18. Bxc6 bxc6 19. Qxd4 c5 20. Qd3 a5 21.
O-O Ba6 22. Qg3+ Kc6 23. Re1 Qf7 24. Nd2 Rg8 25. Qf3 Qg6 26. Qh3 Kd6 27. Nf3 Raf8 28. Ne5 Qf5 29. Qe3 d4 30. Qd2 Rxg2+ 31. Kxg2 Rg8+ 32.
Kh1 Bb7+ 0-1

[Event "Early-Titled-Tuesday-Blitz-October-17-2023"]
[Site "Chess.com"]
[Date "2023.10.17"]
[Round "4"]
[White "Langua_Chess"]
[Black "szefru"]
[Result "0-1"]
[WhiteElo "2492"]
[BlackElo "2333"]
[TimeControl "180+1"]
[EndTime "8:41:42 PDT"]
[Termination "szefru won on time"]

1. e4 c5 2. Nf3 Nc6 3. d4 cxd4 4.
Nxd4 g6 5. c4 Bg7 6. Be3 Nf6 7.
Nc3 O-O 8. Be2 d6 9. O-O Bd7 10. h3 Nxd4 11. Bxd4 Bc6 12. Qc2 Nd7 13. Bxg7 Kxg7 14.
b4 b6 15. Rad1 Rc8 16. Qb2 Nf6 17. f4 Qc7 18. Rfe1 Kg8 19. g4 Nxe4 20. Nd5 Bxd5 21.
Rxd5 Nf6 22. Rd2 d5 23. cxd5 Qxf4 24. Qd4 Qg3+ 25. Kf1 Qxh3+ 26. Kf2 Rc3 27. Rg1 Qh2+ 28. Rg2 Qh4+ 29. Kg1 Rfc8 30. d6 Rc1+ 31. Rd1 Rxd1+ 32. Bxd1 Qe1+ 33. Kh2 exd6 34. Qxf6 Qxd1 35. Rf2 Rf8 36.
g5 d5 37. Kg2 d4 38. Rf4 d3 39. Rh4 Qe2+ 40. Kg1 d2 41. Rh6 d1=Q+ 0-1

[Event "Early-Titled-Tuesday-Blitz-October-17-2023"]
[Site "Chess.com"]
[Date "2023.10.17"]
[Round "4"]
[White "Emeraldddd"]
[Black "Hasangatin_Ramil"]
[Result "0-1"]
[WhiteElo "2537"]
[BlackElo "2726"]
[TimeControl "180+1"]
[EndTime "8:41:43 PDT"]
[Termination "Hasangatin_Ramil won by resignation"]

1. e4 d5 2. exd5 Qxd5 3. Nc3 Qd6 4. d4 Nf6 5. Nf3 c6 6. Bc4 Bg4 7. Be3 Nbd7 8. h3 Bh5 9. O-O e6 10. Re1 Qc7 11. Bg5 Bd6 12. Qd3 Bg6 13. Qe2 O-O 14. Ne5 Rfe8 15. Rad1 Bxe5 16. dxe5 Nd5 17. Nxd5 exd5 18.
Bb3 Qxe5 19. Qg4 Qf5 20. Qg3 Nc5 21. Be3 Nxb3 22. cxb3 Qd7 23. Rd2 a6 24. Rde2 Re6 25.
Bd4 Re4 26. Rxe4 dxe4 27. Qe5 f6 28. Qc5 Rd8 29. Bc3 Qd6 30. Qb6 h6 31. Bb4 Qd5 32.
Qxb7 c5 33. Qxd5+ Rxd5 34. Bc3 f5 35. Rc1 f4 36. b4 e3 37. fxe3 fxe3 38. bxc5 Rxc5 39.
Re1 Be4 40. Rxe3 Bc6 41. Re7 Rg5 42. g4 h5 43. Kh2 hxg4 44. h4 g3+ 45. Kg1 Rg4 46.
h5 Kf8 47. Rc7 Bd5 48. Rd7 Bxa2 49. Kg2 Be6 50. Rxg7 Rxg7 51. Bxg7+ Kxg7 52. Kxg3 Kf6 53. Kf4 Bf5 54. h6 Bh7 55. Ke3 Ke5 56. Kd2 Kd4 57. Kc1 Kc4 58. Kd2 Kb3 59. Kc1 Bg6 60. Kd2 Kxb2 61.
Ke3 a5 62. Kf4 a4 63. Kg5 Bc2 64. Kf6 a3 65. Ke6 0-1

[Event "Early-Titled-Tuesday-Blitz-October-17-2023"]
[Site "Chess.com"]
[Date "2023.10.17"]
[Round "4"]
[White "ajgreen"]
[Black "temiksmozg"]
[Result "0-1"]
[WhiteElo "2387"]
[BlackElo "2595"]
[TimeControl "180+1"]
[EndTime "8:41:43 PDT"]
[Termination "temiksmozg won on time"]

1. e4 c5 2. Nf3 d6 3. d4 cxd4 4. Nxd4 Nf6 5. Nc3 a6 6. Bg5 e5 7. Nf5 Bxf5 8. exf5 Nbd7 9. Qf3 Qb6 10. O-O-O Be7 11. Bd3 Rc8 12. Bxf6 Nxf6 13. Be4 Rc7 14. h4 h5 15. Nd5 Nxd5 16. Rxd5 Qb4 17. Kb1 b5 18. g3 Rh6 19. Rhd1 Kf8 20. R5d2 Qc5 21. Bd5 a5 22. Qe4 b4 23. Bb3 Kg8 24. f3 Qc6 25. Qxc6 Rxc6 26. Rd5 Ra6 27. Ba4 Rf6 28. g4 hxg4 29. fxg4 Rh6 30. h5 Bg5 31. Rb5 Be3 32. Rdd5 Bc5 33. Rb7 Ra8 34. a3 bxa3 35. bxa3 Bxa3 36.
Ka2 Bc5 37. Bc6 Rf8 38. Rd3 g6 39. hxg6 fxg6 40. Bd5+ Kh8 41. fxg6 Rg8 0-1

[Event "Early-Titled-Tuesday-Blitz-October-17-2023"]
[Site "Chess.com"]
[Date "2023.10.17"]
[Round "4"]
[White "ChessPromotionAlex"]
[Black "pirulillo"]
[Result "1-0"]
[WhiteElo "2637"]
[BlackElo "2338"]
[TimeControl "180+1"]
[EndTime "8:41:44 PDT"]
[Termination "ChessPromotionAlex won on time"]

1. e4 c5 2. Nf3 e6 3. d4 cxd4 4. Nxd4 Nf6 5. Nc3 Nc6 6. Ndb5 d6 7. Bf4 e5 8. Bg5 a6 9. Na3 b5 10. Bxf6 gxf6 11. Nd5 Bg7 12. Bd3 Ne7 13. Nxe7 Qxe7 14. O-O f5 15. c4 O-O 16. Qh5 f4 17. cxb5 Rb8 18. Rad1 d5 19. exd5 f5 20. d6 Qf6 21.
Bc4+ Kh8 22. bxa6 Bd7 23. b3 Bc6 24. Bd5 Qxd6 25. Nc4 Qc7 26. Bxc6 Qxc6 27. Rd6 Qb5 28. Rfd1 e4 29. Qg5 Rg8 30. R6d5 Qxa6 31. Nd6 Qa7 32. Qxf5 Rbf8 33. Qxe4 f3 34. g3 Qxa2 35. R5d3 Qa3 36.
Rxf3 Rxf3 37. Qxf3 Rf8 38. Qe3 h6 39. h4 Rf6 40.
Ne8 Rf8 41. Nxg7 Kxg7 42. Rd7+ Rf7 43. Qd4+ Kg6 44. Qg4+ Kf6 45. Qf4+ 1-0

[Event "Early-Titled-Tuesday-Blitz-October-17-2023"]
[Site "Chess.com"]
[Date "2023.10.17"]
[Round "4"]
[White "Alexander_Donchenko"]
[Black "Harry_Rakkel"]
[Result "1/2-1/2"]
[WhiteElo "2872"]
[BlackElo "2697"]
[TimeControl "180+1"]
[EndTime "8:41:46 PDT"]
[Termination "Game drawn by repetition"]

1. Nf3 Nf6 2. g3 d5 3. Bg2 g6 4.
c4 c6 5. b3 Bg7 6. Bb2 O-O 7.
O-O a5 8. Nc3 Na6 9. d4 Be6 10.
cxd5 cxd5 11. e3 Rc8 12. Ne5 Nb4 13. Na4 b6 14. a3 Nc6 15. Nd3 Bg4 16. Qe1 Bf5 17.
Rd1 Qc7 18. Nf4 Rfd8 19. Rc1 Qb7 20. Nc3 Na7 21. Qd2 h5 22. h3 Ne4 23. Nxe4 Bxe4 24.
Bxe4 dxe4 25. Qe2 e6 26. a4 Nc6 27. Qb5 Na7 28. Qe2 Nc6 29. Rc4 Nb4 30. Ba3 Nd5 31. Rfc1 Nxf4 32. gxf4 Qd7 33. Kg2 Rxc4 34. Qxc4 Bf8 35.
Bxf8 Kxf8 36. Qc6 Qxc6 37. Rxc6 Rb8 38. Rc7 b5 39. Ra7 bxa4 40. bxa4 Rb2 41. Rxa5 Ra2 42.
Ra7 Kg7 43. a5 Kf6 44. a6 Ra1 45. Ra8 h4 46. Ra7 Kg7 47. Ra8 Kf6 48. Rh8 Kg7 49. Rxh4 f5 50. Kh2 Rxa6 51. Kg2 Ra2 52. Kg3 Re2 53. Kg2 Rc2 54. Kg3 Rc3 55. Kg2 Ra3 56.
Kg3 Rd3 57. Kg2 Ra3 58. Kg3 Rd3 59. Kg2 Ra3 1/2-1/2

[Event "Early-Titled-Tuesday-Blitz-October-17-2023"]
[Site "Chess.com"]
[Date "2023.10.17"]
[Round "4"]
[White "Mykola-Bortnyk"]
[Black "ActorXu"]
[Result "1/2-1/2"]
[WhiteElo "2970"]
[BlackElo "2787"]
[TimeControl "180+1"]
[EndTime "8:41:47 PDT"]
[Termination "Game drawn - insufficient material"]

1. e4 e5 2. Nf3 Nf6 3. Nxe5 d6 4. Nxf7 Kxf7 5. d4 Be7 6. Bc4+ Be6 7. d5 Bc8 8. e5 dxe5 9. d6+ Be6 10. Bxe6+ Kxe6 11. dxe7 Qxd1+ 12. Kxd1 Nc6 13. c3 Kxe7 14. Be3 Rad8+ 15.
Nd2 Ke6 16. Kc2 Rd7 17. Rhe1 h6 18. Re2 Kf7 19. Rae1 Re8 20. f3 Nd4+ 21. Bxd4 exd4 22. Rxe8 Nxe8 23. Nc4 Kf8 24. Rd1 c5 25. cxd4 cxd4 26.
Kd3 Nc7 27. Ne5 Rd6 28. Rc1 Ne6 29. g3 b6 30. b4 a5 31. bxa5 bxa5 32. Rc6 Ke7 33.
Rxd6 Kxd6 34. Nc4+ Kd5 35. Nxa5 Nc5+ 36. Kd2 g5 37. Nb3 Nd7 38. f4 gxf4 39. gxf4 Ke4 40. a4 Kxf4 41. a5 Ke4 42. a6 Nb6 43. h4 h5 44. Ke2 Nc8 45. Nc5+ Kd5 46. Nd7 Kc6 47. Nf6 Ne7 48. Kd3 Nf5 49. Nxh5 Kb6 50. Ng7 Nxh4 51. Kxd4 Nf5+ 52. Nxf5 Kxa6 1/2-1/2

[Event "Early-Titled-Tuesday-Blitz-October-17-2023"]
[Site "Chess.com"]
[Date "2023.10.17"]
[Round "4"]
[White "maracayo"]
[Black "chess_blitz00"]
[Result "0-1"]
[WhiteElo "2366"]
[BlackElo "2559"]
[TimeControl "180+1"]
[EndTime "8:41:47 PDT"]
[Termination "chess_blitz00 won on time"]

1. e4 d6 2. Nf3 Nf6 3. d3 b6 4.
Nbd2 Bb7 5. Be2 c5 6. O-O e6 7.
c3 Qc7 8. Re1 Nbd7 9. a4 a6 10.
Nc4 Be7 11. Bf4 e5 12. Bg5 O-O 13. Bf1 b5 14. Ne3 Rfe8 15. Nf5 Bf8 16. h3 h6 17. Bh4 g6 18. Ne3 Bg7 19. Nd2 d5 20. axb5 axb5 21. Rxa8 Rxa8 22. exd5 Nxd5 23. Bg3 Kh7 24. Qb3 Nxe3 25.
Rxe3 f5 26. Qf7 Rf8 27. Bxe5 Rxf7 28. Bxc7 Nf6 29. Be5 Nd5 30. Re1 Re7 31. Nf3 Nb6 32.
Bd6 Rxe1 33. Nxe1 Na4 34. b3 Nxc3 35. Bxc5 Bd5 36. d4 Bxb3 37. Nd3 Bc4 38. Nb4 Bf6 39. Bxc4 bxc4 40. d5 Ne4 41. Be3 Be7 42. Nc6 Bd6 43. f3 Nf6 0-1

[Event "Early-Titled-Tuesday-Blitz-October-17-2023"]
[Site "Chess.com"]
[Date "2023.10.17"]
[Round "4"]
[White "SanchezKelvin"]
[Black "Witik"]
[Result "0-1"]
[WhiteElo "2570"]
[BlackElo "2809"]
[TimeControl "180+1"]
[EndTime "8:41:48 PDT"]
[Termination "Witik won by checkmate"]

1. e4 c5 2. Nf3 d6 3. d4 cxd4 4. Nxd4 Nf6 5. Nc3 a6 6. Bg5 e6 7. f4 Be7 8. Qf3 Qc7 9. O-O-O Nbd7 10. g4 b5 11. a3 Bb7 12. Bxf6 Nxf6 13. g5 Nd7 14. h4 b4 15. axb4 d5 16. exd5 Bxb4 17. Bg2 O-O 18. Nde2 Nb6 19. f5 exf5 20. Qxf5 Nc4 21.
Be4 g6 22. Qf4 Qa5 23. Nb1 Qa1 24. Qf6 Rae8 25. Ng3 Re5 26. Rd4 Qxb2+ 27. Kd1 Qxd4+ 28. Bd3 Ne3+ 29. Kc1 Nxd5 30. Qf1 Ne3 31. Qf2 Nxc2 32.
Qxd4 Nxd4 33. Rf1 Rc8+ 34. Kb2 Ne6 35. Na3 Bxa3+ 36. Kxa3 Rc3+ 37. Kb4 Rxd3 38. Ne2 Rxe2 39. Rc1 Rb2+ 40. Ka5 Rdb3 41. Ka4 Rb4+ 42. Ka3 R2b3+ 43. Ka2 Bd5 44. Rc8+ Kg7 45. h5 Ra4# 0-1

[Event "Early-Titled-Tuesday-Blitz-October-17-2023"]
[Site "Chess.com"]
[Date "2023.10.17"]
[Round "4"]
[White "dontcatchmeifyoucant"]
[Black "KorolDimitriy75"]
[Result "0-1"]
[WhiteElo "2189"]
[BlackElo "2412"]
[TimeControl "180+1"]
[EndTime "8:41:48 PDT"]
[Termination "KorolDimitriy75 won by resignation"]

1. e4 c5 2. Nf3 d6 3. d4 cxd4 4. Nxd4 Nf6 5. f3 g6 6. c4 Bg7 7.
Nc3 Nc6 8. Be3 O-O 9. Qd2 Bd7 10. Be2 Nxd4 11. Bxd4 a5 12. O-O Bc6 13. Rab1 Nd7 14.
Bf2 Nc5 15. b3 Qc7 16. Rfc1 Rfc8 17. Nd5 Bxd5 18. cxd5 Qb6 19. Bc4 Qb4 20. Qe2 a4 21. Be1 Qb6 22. Kf1 axb3 23. axb3 Qa7 24. b4 Nd7 25.
Bb3 h5 26. Bd2 Qa3 27. Qe3 Bf6 28. f4 Rxc1+ 29. Rxc1 Qb2 30. Bc4 Ra1 31. Rxa1 Qxa1+ 32. Ke2 Qh1 33. Qg3 Qb1 34. Bd3 Qb2 35. Qe3 Bc3 36. h3 Bxb4 37. g4 hxg4 38. hxg4 Nc5 39. e5 Nxd3 40. Qxd3 g5 41. exd6 exd6 42. fxg5 Qxd2+ 43. Qxd2 Bxd2 44. Kxd2 Kg7 45. Kc3 Kg6 46. Kb4 Kxg5 47. Kb5 Kxg4 48. Kb6 Kf4 49. Kxb7 Ke5 50. Kc6 f5 0-1

[Event "Early-Titled-Tuesday-Blitz-October-17-2023"]
[Site "Chess.com"]
[Date "2023.10.17"]
[Round "4"]
[White "mishanick"]
[Black "WPWPWP-2015"]
[Result "1-0"]
[WhiteElo "3011"]
[BlackElo "2552"]
[TimeControl "180+1"]
[EndTime "8:41:49 PDT"]
[Termination "mishanick won on time"]

1. d4 Nf6 2. c4 e6 3. Nc3 Bb4 4. e3 O-O 5. Bd3 d5 6. a3 Bd6 7. Nf3 b6 8. O-O Bb7 9. cxd5 exd5 10. b4 Re8 11. Qc2 h6 12. Bb2 a6 13. Ne5 Bxe5 14.
dxe5 Rxe5 15. Nb5 Re7 16. Nd4 Bc8 17. Rac1 Ra7 18. h3 Be6 19. f4 Bc8 20. Qf2 Ne4 21.
Bxe4 Rxe4 22. Qg3 f6 23. Rfd1 Qe7 24. f5 c5 25. Qxb8 Qc7 26. Qxc7 Rxc7 27. bxc5 bxc5 28. Ne6 Bxe6 29. fxe6 Rxe6 30. Rxd5 Rxe3 31. Rdxc5 Rb7 32. Bd4 Rxa3 33. R1c2 Rd3 34. Bf2 Rb1+ 35. Kh2 Rdd1 36. Rc7 Rh1+ 37. Kg3 Rb3+ 38. Kf4 Rf1 39. Ra7 Ra3 40.
Kg4 Kh7 41. h4 h5+ 42. Kxh5 Ra4 43. g4 Rd1 44. Rcc7 Rd5+ 45. g5 fxg5 46. Rxg7+ Kh8 47. Rh7+ Kg8 48. hxg5 Ra2 49. Rag7+ Kf8 50. Kh6 1-0

[Event "Early-Titled-Tuesday-Blitz-October-17-2023"]
[Site "Chess.com"]
[Date "2023.10.17"]
[Round "4"]
[White "BJthechessgod"]
[Black "JiiHart"]
[Result "1-0"]
[WhiteElo "2386"]
[BlackElo "2197"]
[TimeControl "180+1"]
[EndTime "8:41:49 PDT"]
[Termination "BJthechessgod won by checkmate"]

1. e4 e5 2. Nf3 Nf6 3. Nxe5 d6 4. Nf3 Nxe4 5. Nc3 d5 6. Bd3 f5 7. O-O Be7 8. Ne5 O-O 9. Nxd5 Bd6 10. Nf3 Bxh2+ 11.
Kxh2 Qxd5 12. Qe2 Kh8 13. Bc4 Qd6+ 14. Kg1 Nc6 15. d3 Nf6 16. Re1 Bd7 17. Ng5 Rae8 18.
Qd1 Rxe1+ 19. Qxe1 Ng4 20. g3 Nge5 21. Bf4 h6 22. Nf7+ Rxf7 23. Bxf7 Nf3+ 24. Kf1 Qf6 25. Qe3 Nh2+ 26. Kg2 Ng4 27. Qf3 Qxf7 28. Re1 g5 29. Bxc7 Nf6 30. c3 Be6 31. Be5 Bd5 32. Bxf6+ Kh7 33. Be5 Bxf3+ 34. Kxf3 Qxa2 35. d4 Qxb2 36. d5 Nd8 37. Bd4 Nf7 38. Re7 Kg6 39. Re6+ Kh5 40. Rf6 Nd8 41. Rxf5 Qc2 42. g4+ Kh4 43. Rf6 Qd3+ 44. Kg2 Qe4+ 45. f3 Qh7 46. Bf2# 1-0

[Event "Early-Titled-Tuesday-Blitz-October-17-2023"]
[Site "Chess.com"]
[Date "2023.10.17"]
[Round "4"]
[White "carokannlover213"]
[Black "DanyKopy"]
[Result "1-0"]
[WhiteElo "2723"]
[BlackElo "2534"]
[TimeControl "180+1"]
[EndTime "8:41:50 PDT"]
[Termination "carokannlover213 won by resignation"]

1. Nf3 Nf6 2. b4 g6 3. Bb2 Bg7 4. e3 O-O 5. c4 b6 6. Be2 Bb7 7.
O-O c5 8. bxc5 bxc5 9. Nc3 d5 10.
cxd5 Nxd5 11. Qb3 Nxc3 12. Bxc3 Bxc3 13. Qxb7 Bxa1 14. Qxa8 Qb6 15. Qe4 Bf6 16. Rb1 Qc6 17. Qc2 Qc7 18. Bb5 Rc8 19. Rc1 Nd7 20. d4 Nb6 21.
Ba6 Rb8 22. dxc5 Nd5 23. Qd2 e6 24. g3 Rb2 25. Rc2 Rxc2 26. Qxc2 Nb4 27. Qc4 Nxa6 28. Qxa6 Qxc5 29. Qe2 Kg7 30. Qd2 Qc3 31. Qe2 a5 32.
Kg2 a4 33. Qd2 Qc4 34. Ne1 a3 35. Qc2 Qd5+ 36. f3 Bb2 37. Qb1 Qd2+ 38. Kh3 Qxe3 39. Nd3 Qxf3 40. Nxb2 axb2 41. Qxb2+ Qf6 42. Qc2 Qf5+ 43.
Qxf5 gxf5 44. a4 e5 45. a5 e4 46. Kg2 Kf6 47. a6 1-0